 Dungeon Crawl Stone Soup version 0.28.0-45-g0d030f2227 (webtiles) character file.

Game seed: 17342983212208661938

891 CryoSword the Skirmisher (level 8, -1/67 HPs)
             Began as a Ghoul Artificer on Apr 19, 2022.
             Slain by a wight
             ... wielding a +4 long sword
              (4 damage)
             ... in an ossuary.
             The game lasted 00:10:21 (5697 turns).

CryoSword the Skirmisher (Ghoul Artificer)          Turns: 5697, Time: 00:10:21

Health: -1/67      AC:  9    Str: 15 (16) XL:     8   Next: 6%
Magic:  7/7        EV: 10    Int:  4 (6)  God:
Gold:   232        SH:  4    Dex:  8 (11) Spells: 7/7 levels left

rFire   + + +      SeeInvis .     - Unarmed
rCold   + . .      Faith    .   l - +0 buckler
rNeg    + + +      Spirit   .   B - +0 ring mail
rPois   ∞          Reflect  .   m - +2 helmet of Zivur {-Cast Harm rF+++ rN+++}
rElec   .          Harm     +   c - +0 cloak
rCorr   .          Rampage  .   (no gloves)
Will    .....      NoCast   +   (no boots)
Stlth   +.........              (no amulet)
HPRegen 0.00/turn               (no ring)
MPRegen 0.10/turn               (no ring)

@: brilliant, flying, inhibited regen
A: claws 1, cold resistance 1, negative energy resistance 3, inhibited
regeneration, torment resistance 2
a: no special abilities


You were in an ossuary.
You visited 2 branches of the dungeon, and saw 6 of its levels.
You also visited: Sewer and Ossuary.

You collected 232 gold pieces.

Inventory:

Hand Weapons
 z - the +1 short sword "Mesh" {drain, Stlth+}
   (You found it on level 2 of the Dungeon)

   A truly terrible weapon, it drains the life of any living foe it strikes.
   Stlth:     It makes you more stealthy.
Missiles
 g - 10 poisoned darts
Armour
 c - a +0 cloak (worn)
   (You found it on level 5 of the Dungeon)
 l - a +0 buckler (worn)
   (You found it on level 2 of the Dungeon)
 m - the +2 helmet of Zivur (worn) {-Cast Harm rF+++ rN+++}
   (You took it off Robin on level 2 of the Dungeon)

   rF:        It renders you almost immune to fire.
   rN:        It renders you almost immune to negative energy.
   -Cast:     It prevents spellcasting.
   Harm:      It increases damage dealt and taken.
 B - a +0 ring mail (worn)
   (You found it on level 4 of the Dungeon)
Wands
 d - a wand of charming (20)
 o - a wand of polymorph (3)
   (You took it off Robin on level 2 of the Dungeon)
Scrolls
 f - 2 scrolls of identify {unknown}
 h - 3 scrolls of enchant weapon {unknown}
 k - a scroll of immolation {unknown}
 p - 5 scrolls of teleportation {unknown}
 r - a scroll of amnesia {unknown}
 s - a scroll of magic mapping {unknown}
 t - a scroll of noise {unknown}
 w - a scroll of vulnerability {unknown}
 x - 2 scrolls of fear {unknown}
 y - a scroll of enchant armour {unknown}
 C - a scroll of holy word {unknown}
Potions
 a - 2 potions of flight
 b - a potion of ambrosia {unknown}
 i - a potion of attraction {unknown}
 j - a potion of curing {unknown}
 n - a potion of experience {unknown}
 q - a potion of degeneration {!q}
 u - 2 potions of brilliance
 v - 2 potions of mutation {unknown}
 A - a potion of lignification
 D - a potion of heal wounds {unknown}
Miscellaneous
 e - a piece from Xom's chessboard (15/15)


   Skills:
 * Level 4.5 Fighting
 * Level 2.1 Short Blades
 + Level 3.0 Armour
 + Level 2.5 Dodging
 + Level 3.4 Stealth
 * Level 3.0 Shields
 - Level 3.1 Unarmed Combat
 + Level 3.6 Evocations


You had 7 spell levels left.
You didn't know any spells.
Your spell library was empty.

Dungeon Overview and Level Annotations

Branches:
Dungeon (5/15)             Temple (1/1) D:4           Sewer (visited)
Ossuary (1/1)

Altars:
Cheibriados
Dithmenos
Elyvilon
Hepliaklqana
Kikubaaqudgha
Sif Muna
Uskayaw
Wu Jian
Xom
Yredelemnul
Zin
Lugonu

Shops:
D:5 *


Innate Abilities, Weirdness & Mutations

You thrive by killing the living.
You are immune to poison.
You have sharp fingernails.
Your flesh is cold resistant. (rC+)
You are immune to negative energy. (rN+++)
You do not regenerate when monsters are visible.
You are immune to unholy pain and torment.


Message History

You finish putting on your +0 cloak.
The world spins around you as you enter the gateway.
You enter an ossuary!
Found a gate leading back out of this place.
There is an empty arch of ancient stone here.
You start resting.
You open the door.
There is an open door here.
You open the door.
A hobgoblin zombie comes into view.
You scratch the hobgoblin zombie.
The hobgoblin zombie closely misses you.
You scratch the hobgoblin zombie but do no damage.
You barely miss the hobgoblin zombie. The hobgoblin zombie barely misses you.
You claw the hobgoblin zombie!
You destroy the hobgoblin zombie!
No target in view!
As you open the door, it creaks loudly!
No target in view!
No target in view!
As you open the door, it creaks loudly!
A kobold zombie comes into view.
You barely miss the kobold zombie.
The kobold zombie hits you but does no damage.
You closely miss the kobold zombie.
The kobold zombie hits you but does no damage.
You scratch the kobold zombie. You block the kobold zombie's attack.
You scratch the kobold zombie.
You destroy the kobold zombie!
No target in view!
You open the door.
A hobgoblin skeleton comes into view.
You catch the helpless hobgoblin skeleton completely off-guard!
You scratch the hobgoblin skeleton. You barely miss the hobgoblin skeleton.
The hobgoblin skeleton hits you but does no damage.
You scratch the hobgoblin skeleton but do no damage.
The hobgoblin skeleton barely misses you.
You scratch the hobgoblin skeleton.
The hobgoblin skeleton closely misses you.
You scratch the hobgoblin skeleton.
You destroy the hobgoblin skeleton!
No target in view!
You open the door.
A hobgoblin skeleton comes into view.
The hobgoblin skeleton closely misses you.
There is an open door here.
You claw the hobgoblin skeleton!
You destroy the hobgoblin skeleton!
No target in view!
No target in view!
You open the door.
A hobgoblin zombie comes into view.
The hobgoblin zombie hits you but does no damage.
There is an open door here.
You scratch the hobgoblin zombie.
The hobgoblin zombie completely misses you.
You scratch the hobgoblin zombie.
You destroy the hobgoblin zombie!
No target in view!
You open the door.
A hobgoblin zombie comes into view.
There is an open door here.
The helpless hobgoblin zombie fails to defend itself.
You scratch the hobgoblin zombie. The hobgoblin zombie barely misses you.
You barely miss the hobgoblin zombie. You scratch the hobgoblin zombie.
The hobgoblin zombie barely misses you.
You claw the hobgoblin zombie!
You destroy the hobgoblin zombie!
No target in view!
You open the door.
A kobold zombie comes into view.
There is an open door here.
You scratch the kobold zombie. The kobold zombie barely misses you.
You claw the kobold zombie!
You destroy the kobold zombie!
No target in view!
As you open the door, it creaks loudly!
A ball python skeleton comes into view.
You scratch the ball python skeleton.
You destroy the ball python skeleton!
No target in view!
No target in view!
As you open the door, it creaks loudly!
An orc zombie comes into view.
You claw the orc zombie!
You destroy the orc zombie!
No target in view!
No target in view!
You open the door.
Found three items.
No target in view!
No target in view!
There is an open door here.
p - 5 scrolls labelled SUEVAKO WULIA (gained 1)
h - 3 scrolls labelled HAFAX DIFUOTH (gained 1)
f - 2 scrolls labelled UCARHOTWAT (gained 1)
You open the door.
There is an open door here.
The flying skull gives a hideous shriek!
You open the door.
There is an open door here.
Found a grey potion, a scroll labelled UCARHOTWAT and a fuming silvery potion.
Found a metallic yellow potion.
As you open the door, it creaks loudly!
A wight comes into view. It is wielding a +4 long sword.
You claw the wight!
The wight hits you with a +4 long sword.
You scratch the wight but do no damage.
The wight hits you with a +4 long sword.
You closely miss the wight.
The wight hits you with a +4 long sword!
You barely miss the wight. The wight hits you but does no damage.
You barely miss the wight.
The wight hits you with a +4 long sword!
You scratch the wight but do no damage.
The wight hits you with a +4 long sword.
* * * LOW HITPOINT WARNING * * *
You barely miss the wight.
The wight hits you with a +4 long sword!
* * * LOW HITPOINT WARNING * * *
You scratch the wight but do no damage.
The wight hits you with a +4 long sword.
* * * LOW HITPOINT WARNING * * *
The flying skull gives a hideous shriek!
There is an open door here.
There is an open door here.
There is an open door here.
Okay, then.
Okay, then.
Unknown command.
It was a potion of flight.
You feel very buoyant.
You fly up into the air.
The wight hits you with a +4 long sword.
* * * LOW HITPOINT WARNING * * *
It was a potion of brilliance.
You feel clever all of a sudden. The wight closely misses you.
It was a potion of lignification.
You feel woody for a moment.
The wight hits you with a +4 long sword!
* * * LOW HITPOINT WARNING * * *
There is an open door here.
It was a potion of degeneration.
There was something very wrong with that liquid.
You feel weakened.
You feel dopey.
You feel clumsy.
The wight hits you with a +4 long sword.
You die...

### #### ##.## ##..####
##...# ##......## #....##
#...####.## #..∩..##
#####....#.#..# #......##
##..#..........#
#.......###.#............#
#..∩...#...###.@........##
#.....###### #.#z......##
#...### ####.....## ##.##
##...## ### ###'###
#.'.'.# ###.### #.'.'.#
###.###


You could see a wight.

Vanquished Creatures
  Grinder (D:4)
  Sigmund (D:2)
  A necrophage (D:5)
  An ogre (D:4)
  A bullfrog (D:5)
  Jessica (D:2)
  2 iguanas
  A hell rat (Sewer)
  2 hound skeletons (D:4)
  Robin (D:2)
  A gnoll (D:1)
  4 adders
  6 worms
  2 dart slugs (D:2)
  2 orcs (D:4)
  11 ball pythons
  7 bats
  8 endoplasms
  7 giant cockroaches
  12 goblins
  5 hobgoblins
  6 jackals
  3 kobolds
  5 quokkas
  A ball python skeleton (Ossuary)
  2 frilled lizards
  A goblin zombie (D:5)
  2 hobgoblin skeletons (Ossuary)
  3 hobgoblin zombies (Ossuary)
  2 kobold zombies (Ossuary)
  An orc zombie (Ossuary)
  12 rats
115 creatures vanquished.

Vanquished Creatures (collateral kills)
  2 goblins (D:2)
2 creatures vanquished.

Vanquished Creatures (others)
  2 goblins (D:2)
2 creatures vanquished.

Grand Total: 119 creatures vanquished

Notes
Turn   | Place    | Note
-------+----------+-------------------------------------------
     0 | D:1      | CryoSword the Ghoul Artificer began the quest for the Orb.
     0 | D:1      | Reached XP level 1. HP: 16/16 MP: 0/0
    84 | D:1      | Reached skill level 1 in Dodging
   119 | D:1      | Reached skill level 1 in Unarmed Combat
   119 | D:1      | Reached XP level 2. HP: 16/23 MP: 1/1
   300 | D:1      | Reached XP level 3. HP: 28/29 MP: 2/2
   641 | D:1      | Found a faded altar of an unknown god.
  1018 | D:2      | Identified the +2 helmet of Zivur {-Cast Harm rF+++ rN+++}
  1018 | D:2      | Noticed Robin
  1037 | D:2      | Reached skill level 2 in Fighting
  1250 | D:2      | Killed Robin
  1469 | D:2      | Reached XP level 4. HP: 32/36 MP: 3/3
  2189 | D:2      | Noticed Sigmund
  2195 | D:2      | Killed Sigmund
  2196 | D:2      | Reached skill level 3 in Fighting
  2196 | D:2      | Reached skill level 1 in Shields
  2196 | D:2      | Reached XP level 5. HP: 45/45 MP: 4/4
  2196 | D:2      | Reached XP level 6. HP: 51/51 MP: 5/5
  2271 | D:2      | Identified the +1 short sword "Mesh" {drain, Stlth+}
  2294 | D:2      | Noticed Jessica
  2307 | D:2      | Killed Jessica
  2668 | D:3      | Noticed Grinder
  2769 | D:3      | Found a glowing drain.
  2792 | Sewer    | Entered a sewer
  3436 | D:3      | Paralysed by Grinder for 3 turns
  4273 | D:4      | Paralysed by Grinder for 2 turns
  4286 | D:4      | Killed Grinder
  4287 | D:4      | Reached skill level 1 in Short Blades
  4287 | D:4      | Reached XP level 7. HP: 26/58 MP: 6/6
  4601 | D:4      | Found a staircase to the Ecumenical Temple.
  4610 | Temple   | Entered the Ecumenical Temple
  4661 | D:4      | Reached skill level 4 in Fighting
  4929 | D:4      | Found a shimmering blue altar of Sif Muna.
  5045 | D:4      | Found an ornate altar of the Wu Jian Council.
  5097 | D:5      | Entered Level 5 of the Dungeon
  5127 | D:5      | Found a shadowy altar of Dithmenos.
  5184 | D:5      | Found Gekycze's General Store.
  5247 | D:5      | Reached XP level 8. HP: 27/67 MP: 7/7
  5265 | D:5      | Found a sand-covered staircase.
  5432 | Ossuary  | Entered an ossuary
  5642 | Ossuary  | Noticed a flying skull
  5642 | Ossuary  | Noticed a wraith
  5648 | Ossuary  | Noticed a flying skull
  5690 | Ossuary  | HP: 3/67 [wight/+4 long sword (9)]
  5697 | Ossuary  | Slain by a wight

Illustrated notes

Levels and vault maps discovered:
D:1:      onia_arrival_handbag, layout_loops_ring,
          dreamdust_ecumenical_altar_angels_and_demons, minmay_small_reverse_x
D:2:      layout_basic, uniq_robin, uniq_sigmund, uniq_jessica
D:3:      layout_basic, elyvilon_altar_5, portal_sewer_entry_f,
          nicolae_wormholes, uniq_grinder
D:4:      layout_rooms, lemuel_coloured_pillars_altar,
          mainiacjoe_overflow_small_starburst,
          minmay_temple_entry_statues_fountains, grunt_ministairs_9,
          minmay_misc_feat_diagonals
D:5:      layout_basic, nicolae_dithmenos_through_a_glass_darkly,
          mainiacjoe_overflow_alcove_4, serial_shops, shop,
          nicolae_ossuary_entry_giza
Temple:   corrupted_temple
Ossuary:  ossuary_due_cavern

Skill      XL: |  1  2  3  4  5  6  7 |
---------------+----------------------+-----
Dodging        | 1 2 |  2.5
Unarmed Combat | 1 2 3 |  3.1
Fighting       | 2 3 4 |  4.5
Armour         | 2 3 |  3.0
Stealth        | 2 3 |  3.4
Shields        | 1 2 3 |  3.0
Evocations     | 3 |  3.6
Short Blades   | 1 2 |  2.1

Action                   |  1- 3 |  4- 6 |  7- 9 || total
-------------------------+-------+-------+-------++-------
Melee: Unarmed           |   103 |   197 |   100 ||   400
       Punch             |     1 |       |       ||     1
       Short sword       |       |    58 |    10 ||    68
Throw: Dart              |       |     5 |     7 ||    12
Evoke: Wand              |     7 |    11 |     3 ||    21
  Use: Potion            |       |       |     4 ||     4
 Stab: Sleeping          |     2 |     1 |     2 ||     5
       Distracted        |       |       |     1 ||     1
Armor: Leather armour    |    24 |    78 |       ||   102
       Ring mail         |       |     8 |    18 ||    26
Dodge: Dodged            |    61 |   168 |    49 ||   278
Block: Buckler           |    11 |    34 |    17 ||    62
